 Dungeon Crawl Stone Soup version 0.32-a0-132-g2d33c3cfaf (webtiles) character file.

Game seed: 1742923934485973657

164 PriceMaster the Firebug (level 5, -25/31 HPs)
             Began as an Octopode Fire Elementalist on Feb 10, 2024.
             Was an Initiate of Sif Muna.
             Killed by an exploding goblin (56 damage)
             ... ignited by their inner flame
             ... on level 3 of the Dungeon.
             The game lasted 00:04:49 (4217 turns).

PriceMaster the Firebug (OpFE)                      Turns: 4217, Time: 00:04:52

Health: -25/31     AC:  1    Str:  7    XL:     5   Next: 45%
Magic:  1/10       EV: 13    Int: 19    God:    Sif Muna [......]
Gold:   71         SH:  0    Dex: 13    Spells: 4/10 levels left

rFire   . . .        f - +1 dagger (venom)
rCold   . . .        (no shield)
rNeg    + . .        (helmet restricted)
rPois   .            q - amulet of the acrobat
rElec   .            i - ring of positive energy
rCorr   .            (no ring)
SInv    .            (no ring)
Will    .....        (no ring)
Stlth   +++          (no ring)
HPRegen 0.25/turn    (no ring)
MPRegen 0.12/turn    (no ring)
                     (no ring)

%: acrobat
@: very slightly contaminated
A: almost no armour, amphibious, 8 rings, camouflage 1, gelatinous body 1,
(nimble swimmer 1), tentacles
a: Renounce Religion


You were on level 3 of the Dungeon.
You worshipped Sif Muna.
Sif Muna was noncommittal.
You visited 1 branch of the dungeon, and saw 3 of its levels.

You collected 71 gold pieces.

Inventory:

Hand Weapons
 f - a +1 dagger of venom (weapon)
Jewellery
 i - a ring of positive energy (left tentacle)
 q - an amulet of the acrobat (around mantle)
Wands
 o - a wand of mindburst (7)
Scrolls
 a - a scroll of fear {unknown}
 g - 2 scrolls of identify {unknown}
 h - 2 scrolls of vulnerability {unknown}
 k - a scroll of brand weapon {unknown}
 l - 2 scrolls of teleportation {unknown}
 m - 2 scrolls of torment {unknown}
 n - a scroll of poison {unknown}
 r - a scroll of noise {unknown}
 s - 2 scrolls of enchant weapon {unknown}
Potions
 b - 6 potions of curing {unknown}
 c - a potion of heal wounds {unknown}
 d - a potion of mutation {unknown}
 e - 3 potions of attraction {unknown}
 j - 2 potions of degeneration {unknown}
 p - a potion of cancellation {unknown}
 t - a potion of resistance {unknown}


   Skills:
 + Level 0.3 Fighting
 + Level 0.3 Short Blades
 + Level 2.4 Dodging
 - Level 3.0 Stealth
 + Level 3.3 Spellcasting
 + Level 1.9 Conjurations
 + Level 0.6 Hexes
 + Level 4.1 Fire Magic


You had 4 spell levels left.
You knew the following spells:

 Your Spells              Type           Power      Damage    Failure   Level
a - Foxfire               Conj/Fire      56%        2x1d6     4%          1
b - Scorch                Fire           38%        2d6       4%          2
c - Inner Flame           Hex/Fire       12%        N/A       16%         3

Your spell library contained the following spells:

 Spells                   Type           Power      Damage    Failure   Level
 Volatile Blastmotes      Fire/Tloc      22%        2d11      19%         3
 Flame Wave               Conj/Fire      14%        2d6       38%         4


Dungeon Overview and Level Annotations

Branches:
Dungeon (3/15)

Altars:
Sif Muna

Shops:
D:2 :


Innate Abilities, Weirdness & Mutations

You cannot wear most types of armour.
You are amphibious.
You can wear up to eight rings at the same time.
Your skin changes colour to match your surroundings (Stealth+).
Your rubbery body absorbs attacks. (AC +1, EV +1)
((You are camouflaged when in or above water. (Stealth+)))
You have tentacles for arms and can constrict up to eight enemies at once.


Message History

Sif Muna accepts your kill.
There is an escape hatch in the floor here.
Found an escape hatch in the ceiling.
A goblin comes into view. It is wielding a +0 club.
A goblin is nearby!
A goblin is nearby!
A goblin is nearby!
There is an escape hatch in the ceiling here.
Casting: Scorch (safe; 4% risk of failure)
Confirm with . or Enter, or press ? or * to list all spells.
Flames lash the goblin.
You kill the goblin!
Sif Muna accepts your kill.
You hear a shout! x7
A goblin comes into view. It is wielding a +0 dagger.
You miscast Foxfire.
You are very lightly contaminated with residual magic.
Nothing appears to happen.
Casting: Foxfire (safe; 4% risk of failure)
Confirm with . or Enter, or press ? or * to list all spells.
Flames lash the goblin.
You kill the goblin!
Sif Muna accepts your kill.
A goblin comes into view. It is wielding a +0 dagger.
Casting: Scorch (safe; 4% risk of failure)
Confirm with . or Enter, or press ? or * to list all spells.
Aiming: Inner Flame (quite dangerous; 16% risk of failure)
Press: ? - help, Dir - move target, f - goblin
Aim: a goblin, wielding a +0 dagger (chance to affect: 79%)
The goblin is filled with an inner flame.
The goblin unwields a +0 dagger.
The goblin wields a +0 sling.
The goblin shoots a sling bullet.
The sling bullet closely misses you.
Casting: Inner Flame (quite dangerous; 16% risk of failure)
Confirm with . or Enter, or press ? or * to list all spells.
You conjure some foxfire!
The foxfire hits the goblin.
Sif Muna accepts your kill.
The goblin explodes!
The fiery explosion engulfs you!!!
Ouch! That really hurt!
You die...

......##.#
#.#.#.#...#
......##.#
#.#.#.#.###
......##.#
#.#.#.#.#
......##.#
#.#.#.#.#
.#.......#
#<#.#.#
.........#
#.#.#.#
.........#
#.#.#.#
.........#
#v#.#.###
.#.#######
#@#.....#
.#...
#§#######
.##### #§§
.. #### .#


There were no monsters in sight!

Vanquished Creatures
  A hound (D:2)
  An orc priest (D:3)
  2 adders (D:2)
  An adder skeleton (D:2)
  2 dart slugs (D:3)
  A ribbon worm (D:3)
  2 orcs (D:3)
  7 bats
  A bat zombie (D:2)
  7 endoplasms
  4 giant cockroaches
  8 goblins
  6 hobgoblins
  6 quokkas
  7 ball pythons
  A ball python skeleton (D:2)
  2 frilled lizards
  A jackal skeleton (D:2)
  7 kobolds
  A quokka zombie (D:2)
  5 rats
73 creatures vanquished.

Vanquished Creatures (collateral kills)
  3 foxfires (D:2)
3 creatures vanquished.

Vanquished Creatures (others)
  191 foxfires
191 creatures vanquished.

Grand Total: 267 creatures vanquished

Notes
Turn   | Place    | Note
-------+----------+-------------------------------------------
     0 | D:1      | PriceMaster the Octopode Fire Elementalist began the quest
                  | for the Orb.
     0 | D:1      | Reached XP level 1. HP: 11/11 MP: 3/3
   368 | D:1      | Reached XP level 2. HP: 17/17 MP: 0/5
   371 | D:1      | Learned a level 2 spell: Scorch
  1115 | D:1      | Reached XP level 3. HP: 21/21 MP: 1/6
  1119 | D:1      | Learned a level 3 spell: Inner Flame
  2221 | D:2      | Reached XP level 4. HP: 27/27 MP: 5/8
  2714 | D:2      | Found Emieg's Book Boutique.
  2894 | D:3      | Reached skill level 4 in Fire Magic
  2894 | D:3      | Reached XP level 5. HP: 31/31 MP: 0/9
  3839 | D:3      | Found a shimmering blue altar of Sif Muna.
  3859 | D:3      | Became a worshipper of Sif Muna the Loreminder
  4217 | D:3      | Killed by an exploding goblin... ignited by their inner
                  | flame

Illustrated notes

Levels and vault maps discovered:
D:1:      dpeg_arrival_rooms_with_view, layout_basic, minmay_domino_2
D:2:      layout_basic, serial_undead, serial_undead_a, serial_undead_b,
          serial_undead_a, serial_undead_c, serial_undead_c, serial_shops, shop,
          minmay_fountain_box
D:3:      layout_basic, mainiacjoe_overflow_paths, uniq_robin

Skill      XL: |  1  2  3  4 |
---------------+-------------+-----
Stealth        | 3 |  3.0
Spellcasting   | 3 |  3.3
Fire Magic     | 4 |  4.1
Fighting       | |  0.3
Short Blades   | |  0.3
Dodging        | |  2.4
Conjurations   | |  1.9
Hexes          | |  0.6

Action                     |  1- 3 |  4- 6 || total
---------------------------+-------+-------++-------
  Melee: Unarmed           |     7 |       ||     7
         Constrict         |     9 |     1 ||    10
         Tentacles         |     5 |     2 ||     7
         Dagger            |    21 |     8 ||    29
   Cast: Foxfire           |    64 |    52 ||   116
         Scorch            |     8 |    10 ||    18
         Inner Flame       |     4 |    11 ||    15
    Use: Potion            |       |     2 ||     2
   Stab: Sleeping          |     2 |     2 ||     4
 Armour: Skin              |    14 |    11 ||    25
  Dodge: Dodged            |    38 |    13 ||    51

Table legend: (Time is in decaauts)
 A = Elapsed time spent in this place.
 B = Non-inter-level travel time spent in this place.
 C = Inter-level travel time spent in this place.
 D = Time resting spent in this place.
 E = Time spent auto-exploring this place.
 F = Levels seen in this place.
 G = Mean time per level.
                   A        B        C        D        E       F      G
               +--------+--------+--------+--------+--------+-----+--------+
         Total |   4215 |   4154 |     61 |    805 |   2905 |   3 | 1405.0 |
       Dungeon |   4215 |   4154 |     61 |    805 |   2905 |   3 | 1405.0 |
               +--------+--------+--------+--------+--------+-----+--------+

Top non-repeatable levels by time:
     D:1: 1758 daAuts
     D:3: 1327 daAuts
     D:2: 1129 daAuts
